 Dungeon Crawl Stone Soup version 0.17.1-3-g152610e (webtiles) character file.

157 kaze the Shield-Bearer (level 5, -6/33 HPs)
             Began as a Gargoyle Fighter on Mar 18, 2016.
             Mangled by Heskey's ghost (7 damage)
             ... on level 4 of the Dungeon.
             The game lasted 00:03:13 (2071 turns).

kaze the Shield-Bearer (Gargoyle Fighter)           Turns: 2071, Time: 00:03:13

Health: -6/33      AC: 11    Str: 21    XL:     5   Next: 38%
Magic:  5/5        EV:  8    Int:  8    God:
Gold:   115        SH:  9    Dex:  9    Spells: 0 memorised, 4 levels left

rFire  . . .     SeeInvis .     a - +0 war axe
rCold  . . .     Clarity  .     b - +0 scale mail
rNeg   + . .     SustAt   .     c - +0 shield
rPois  ∞         Gourm    .     (no helmet)
rElec  +         Spirit   .     (no cloak)
rCorr  .         Warding  .     (no gloves)
rMut   .         Stasis   .     (no boots)
MR     .....                    (no amulet)
Stlth  ..........               (no ring)
                                (no ring)

@: not resistant to hostile enchantments, extremely unstealthy
A: negative energy resistance 1, electricity resistance, unbreathing,
petrification resistance, rot immunity, AC +4
a: no special abilities


You were on level 4 of the Dungeon.
You were not hungry.

You visited 1 branch of the dungeon, and saw 4 of its levels.

You collected 115 gold pieces.

Inventory:

Hand Weapons
 a - a +0 war axe (weapon)
Missiles
 m - 7 javelins (quivered)
Armour
 b - a +0 scale mail (worn)
 c - a +0 shield (worn)
Jewellery
 e - an uncursed ring of see invisible {unknown}
Wands
 v - a wand of frost (26)
Scrolls
 f - 2 scrolls of teleportation {unknown}
 g - 6 scrolls of identify {unknown}
 i - a scroll of immolation {unknown}
 j - a scroll of recharging {unknown}
 k - 2 scrolls of remove curse {unknown}
 l - a scroll of magic mapping {unknown}
 o - 2 scrolls of enchant weapon {unknown}
 p - a scroll of enchant armour {unknown}
 r - a scroll of random uselessness {unknown}
 w - a scroll of fear {unknown}
 x - a scroll of amnesia {unknown}
Potions
 d - a potion of might
 h - a potion of degeneration {unknown}
 n - a potion of heal wounds {unknown}
 t - a potion of poison {unknown}
 u - a potion of flight {unknown}
Comestibles
 q - a bread ration
 s - a meat ration


   Skills:
 + Level 4.0 Fighting
 + Level 2.6 Axes
 + Level 4.1 Armour
 + Level 1.2 Dodging
 + Level 0.5 Stealth
 + Level 4.3 Shields


You had 4 spell levels left.
You didn't know any spells.

Dungeon Overview and Level Annotations

Branches:
Dungeon (4/15)
 Temple: D:4-7

Altars:
Ashenzari
Xom

Annotations:
D:4 Heskey's ghost, amateur OgBe


Innate Abilities, Weirdness & Mutations

You are resistant to torment.
Your stone body is resilient (AC +4).
You are immune to poison.
You resist negative energy.
You are resistant to electric shocks.
You can survive without breathing.
You are immune to petrification.
You are immune to rotting.


Message History

You hit Heskey's ghost.
Heskey's ghost is lightly damaged.
You block Heskey's ghost's attack. Heskey's ghost hits you.
You slash Heskey's ghost!
Heskey's ghost is moderately damaged.
Heskey's ghost hits you but does no damage.
You closely miss Heskey's ghost.
Heskey's ghost is moderately damaged.
You block Heskey's ghost's attack. Heskey's ghost hits you!
You hit Heskey's ghost.
Heskey's ghost is heavily damaged.
Heskey's ghost hits you!
* * * LOW HITPOINT WARNING * * *
You barely miss Heskey's ghost.
Heskey's ghost is heavily damaged.
You block Heskey's ghost's attack.
You hit Heskey's ghost.
Heskey's ghost is heavily damaged.
Heskey's ghost hits you!
You die...

## ### ## #.###.#### #.##
#..##..... #..##
##..#....# ..#
#..######......##
.....#####....#.......###.
........W@................
......#####....#..........
..... ##...........(..
.... #..........##.. ...
#.........####. .W
#.........# #. .
#.>.<....## ## #.......##
# #.......##


You could see Heskey's ghost.

Vanquished Creatures
  2 orc wizards (D:3)
  4 adders
  2 oozes (D:3)
  6 giant geckos
  3 orcs (D:3)
  A ball python (D:1)
  8 bats
  2 giant cockroaches
  4 hobgoblins
  3 jackals (D:3)
  4 kobolds
  A quokka (D:2)
  A giant newt (D:2)
  6 goblins
  3 rats
50 creatures vanquished.

Notes
Turn   | Place    | Note
--------------------------------------------------------------
     0 | D:1      | kaze the Gargoyle Fighter began the quest for the Orb.
     0 | D:1      | Reached XP level 1. HP: 14/14 MP: 1/1
   189 | D:1      | Reached XP level 2. HP: 12/19 MP: 2/2
   528 | D:2      | Reached XP level 3. HP: 7/23 MP: 3/3
   529 | D:2      | Found a shimmering altar of Xom.
   821 | D:2      | Reached skill level 4 in Shields
  1098 | D:3      | Found a shattered altar of Ashenzari.
  1104 | D:3      | Reached XP level 4. HP: 29/29 MP: 4/4
  1528 | D:3      | Reached skill level 1 in Dodging
  1528 | D:3      | Reached XP level 5. HP: 19/33 MP: 5/5
  2053 | D:4      | Noticed Heskey's ghost (amateur OgBe)
  2069 | D:4      | HP: 1/33 [Heskey's ghost (10)]
  2071 | D:4      | Mangled by Heskey's ghost

Action                   |  1- 3 |  4- 6 || total
-------------------------+-------+-------++-------
Melee: War axe           |   124 |    97 ||   221
  Eat: Bread ration      |     1 |       ||     1
